 Dungeon Crawl Stone Soup version 0.29.0-13-gc9e81de378 (webtiles) character file.

Game seed: 4900918558254187567

112 SnakkuSnakku7 the Firebug (level 4, -3/30 HPs)
             Began as a Demonspawn Fire Elementalist on Sept 9, 2022.
             Slain by Crazy Yiuf
             ... wielding a +2 quarterstaff of chaos
              (9 damage)
             ... on level 2 of the Dungeon.
             The game lasted 00:02:24 (2189 turns).

SnakkuSnakku7 the Firebug (DsFE)                    Turns: 2189, Time: 00:02:25

Health: -3/30      AC:  4    Str:  8    XL:     4   Next: 63%
Magic:  1/7        EV: 17    Int: 19    God:
Gold:   115        SH:  0    Dex: 13    Spells: 4/7 levels left

rFire   + . .      SeeInvis .   f - +0 club
rCold   x . .      Faith    .   (no shield)
rNeg    . . .      Spirit   .   a - +0 robe
rPois   .          Reflect  .   (no helmet)
rElec   .          Harm     .   (no cloak)
rCorr   .          Rampage  .   (no gloves)
Will    .....                   (no boots)
Stlth   ++........              (no amulet)
HPRegen 0.10/turn               e - ring of fire
MPRegen 0.10/turn               (no ring)

@: agile
A: molten scales 1, powered by pain 1
a: no special abilities


You were on level 2 of the Dungeon.
You visited 1 branch of the dungeon, and saw 2 of its levels.

You collected 115 gold pieces.

Inventory:

Hand Weapons
 f - a +0 club (weapon)
Armour
 a - a +0 robe (worn)
Jewellery
 e - a ring of fire (left hand)
Scrolls
 g - 2 scrolls of poison {unknown}
 h - 2 scrolls of teleportation {unknown}
 j - a scroll of enchant armour {unknown}
 k - a scroll of identify {unknown}
Potions
 b - a potion of magic
 c - 2 potions of heal wounds {unknown}
 d - 2 potions of attraction {unknown}
 i - a potion of invisibility {unknown}


   Skills:
 - Level 1.7 Dodging
 - Level 1.7 Stealth
 - Level 2.0 Spellcasting
 + Level 3.2 Conjurations
 + Level 4.0 Fire Magic


You had 4 spell levels left.
You knew the following spells:

 Your Spells              Type           Power      Damage    Failure   Level
a - Foxfire               Conj/Fire      92%        2x1d8     3%          1
b - Scorch                Fire           50%        2d7       4%          2

Your spell library contained the following spells:

 Spells                   Type           Power      Damage    Failure   Level
 Conjure Flame            Conj/Fire      23%        6-21      12%         3
 Inner Flame              Hex/Fire       14%        N/A       22%         3
 Flame Wave               Conj/Fire      23%        2d8       36%         4
 Call Canine Familiar     Summ           1%         N/A       45%         3
 Portal Projectile        Hex/Tloc       2%         N/A       45%         3
 Leda's Liquefaction      Hex/Erth       0%         N/A       86%         4


Dungeon Overview and Level Annotations

Branches:
Dungeon (2/15)

Altars:
Qazlal

Annotations:
D:2 Crazy Yiuf


Innate Abilities, Weirdness & Mutations

You are partially covered in molten scales. (AC +2)
You sometimes gain a little power by taking damage.


Message History

Natasha, Servant of Life and Death comes into view.
Natasha hisses angrily.
Casting: Scorch (safe; 5% risk of failure)
Press: ? - help, Q - select action, (/) - cycle Dir - look around, f - activate You feel a surge of power!
Flames lash Natasha.
Natasha is almost dead.
Natasha's fire resistance burns away.
Unknown command.
Casting: Scorch (safe; 5% risk of failure)
Press: ? - help, Q - select action, (/) - cycle Dir - look around, f - activate You feel a surge of power!
Flames lash Natasha.
Natasha is burned terribly!
You kill Natasha!
You feel Natasha's spirit has finally been put to rest.
Your Fire Magic skill increases to level 4!
You start resting.
Magic restored.
You open the door.
Casting: Scorch (safe; 4% risk of failure)
Press: ? - help, Q - select action, (/) - cycle Dir - look around, f - activate You feel a surge of power!
Flames lash Crazy Yiuf.
Crazy Yiuf is moderately wounded.
Crazy Yiuf's fire resistance burns away.
Crazy Yiuf hits you with a +2 quarterstaff of chaos!
You focus on the pain.
You feel agile all of a sudden.
Crazy Yiuf draws strength from your wounds!
Casting: Scorch (safe; 4% risk of failure)
Press: ? - help, Q - select action, (/) - cycle Dir - look around, f - activate You feel a surge of power!
Flames lash Crazy Yiuf.
Crazy Yiuf is burned terribly!
Crazy Yiuf is moderately wounded.
Crazy Yiuf hits you with a +2 quarterstaff of chaos!
* * * LOW HITPOINT WARNING * * *
Casting: Scorch (safe; 4% risk of failure)
Press: ? - help, Q - select action, (/) - cycle Dir - look around, f - activate You feel a surge of power!
Flames lash Crazy Yiuf.
Crazy Yiuf is burned terribly!
Crazy Yiuf is severely wounded.
Crazy Yiuf hits you with a +2 quarterstaff of chaos!
You die...

######### #....####....#
#.......# #+..+# ####.##
#.....### ♣....♣
###...#### #.......#
♣...♣♣ #...#....#
#.....### ♣♣.♣♣
#........# #..###..# ♣.♣♣
#........# ####.## ##.#
♣♣.♣ #........### .....#
#.# ♣.♣♣ ###.........
.....## ##.# ♣♣@♣
#.....#####. (.....###.##
#g# ##....# #)
####.#...## ... #..#..#
#. #.#..#### #...#
#.....# #. ## #.##<.>.#
#..)# #.....#####.
.###.##.#### #####
#........... .....##.#
#..###.##### .....##.#
### ##..# . ##
.###.##.########.####...#
#.


You could see Crazy Yiuf (combustible).

Vanquished Creatures
  Natasha (thrice) (D:2)
  A gnoll (D:1)
  A ball python (D:1)
  2 endoplasms
  A giant cockroach (D:1)
  6 goblins
  3 hobgoblins (D:1)
  2 kobolds
  A quokka (D:1)
  5 bats
  A frilled lizard (D:1)
  2 rats (D:2)
28 creatures vanquished.

Vanquished Creatures (others)
  52 foxfires (D:1)
52 creatures vanquished.

Grand Total: 80 creatures vanquished

Notes
Turn   | Place    | Note
-------+----------+-------------------------------------------
     0 | D:1      | SnakkuSnakku7 the Demonspawn Fire Elementalist began the
                  | quest for the Orb.
     0 | D:1      | Reached XP level 1. HP: 13/13 MP: 3/3
   324 | D:1      | Reached skill level 3 in Fire Magic
   584 | D:1      | Gained mutation: You sometimes gain a little power by
                  | taking damage. [demonic ancestry]
   584 | D:1      | Reached XP level 2. HP: 19/19 MP: 1/5
  1220 | D:1      | Learned a level 2 spell: Scorch
  1472 | D:2      | Reached XP level 3. HP: 22/24 MP: 3/6
  1731 | D:2      | Noticed Natasha
  1736 | D:2      | Killed Natasha
  1796 | D:2      | Found a stormy altar of Qazlal.
  2082 | D:2      | Noticed Natasha
  2085 | D:2      | Killed Natasha
  2086 | D:2      | Gained mutation: You are partially covered in molten
                  | scales. (AC +2) [demonic ancestry]
  2086 | D:2      | Reached XP level 4. HP: 30/30 MP: 1/7
  2110 | D:2      | Found a runed translucent door.
  2111 | D:2      | Noticed Crazy Yiuf
  2130 | D:2      | Noticed Natasha
  2133 | D:2      | Killed Natasha
  2134 | D:2      | Reached skill level 4 in Fire Magic
  2189 | D:2      | Slain by Crazy Yiuf

Illustrated notes

Levels and vault maps discovered:
D:1:      spicycebolla_arrival_ecumenical, layout_basic
D:2:      layout_loops_ring, basic_altar, uniq_natasha, uniq_crazy_yiuf_cottage

Skill      XL: |  1  2  3  4 |
---------------+-------------+-----
Fire Magic     | 3 4 |  4.0
Conjurations   | 2 3 |  3.2
Dodging        | |  1.7
Stealth        | |  1.7
Spellcasting   | |  2.0

Action                   |  1- 3 |  4- 6 || total
-------------------------+-------+-------++-------
Melee: Unarmed           |    36 |       ||    36
 Cast: Foxfire           |    31 |       ||    31
       Scorch            |    14 |     5 ||    19
Armor: Robe              |    15 |       ||    15
Dodge: Dodged            |    50 |       ||    50
